DTBL
AMERICAN DIVISION ALL-STARS @ NATIONAL DIVISION ALL-STARS
07/12/2023
 
TOP OF THE 1ST
American Division All-Stars batting - Pitching for National Division All-Stars : RHP Zac Gallen
Pitching: RHP Zac Gallen
Batting: RHB Ronald Acuna Jr. 0-0: Ball
1-0: Ball
2-0: Ground out 6-3 (Groundball, 6, EV 88.1 MPH)
Batting: LHB Shohei Ohtani 0-0: Called Strike
0-1: Foul Ball, location: 7LMF
0-2: Ball
1-2: Foul Ball, location: 7LDF
1-2: Ball
2-2: Ball
3-2: Foul Ball, location: 7LMF
3-2: Ground out U3 (Groundball, 3L, EV 85.6 MPH)
Batting: SHB Jose Ramirez 0-0: Called Strike
0-1: Foul Ball, location: 7LSF
0-2: Ball
1-2: SINGLE (Line Drive, 8RS, EV 93.1 MPH)
Batting: RHB Adolis García 0-0: Called Strike
0-1: Swinging Strike
0-2: Ball
1-2: Strikes out swinging
Top of the 1st over - 0 runs, 1 hit, 0 errors, 1 left on base; American Division 0 - National Division 0
BOTTOM OF THE 1ST
National Division All-Stars batting - Pitching for American Division All-Stars : LHP Framber Valdez
Pitching: LHP Framber Valdez
Batting: LHB Corbin Carroll 0-0: Ball
1-0: Called Strike
1-1: Foul Ball, location: 2F
1-2: Ball
2-2: Strikes out looking
Batting: RHB Mookie Betts 0-0: Ball
1-0: Called Strike
1-1: Swinging Strike
1-2: Strikes out looking
Batting: LHB Freddie Freeman 0-0: Ball
1-0: Called Strike
1-1: Swinging Strike
1-2: Foul Ball, location: 25F
1-2: DOUBLE (Line Drive, 78M, EV 101.3 MPH)
Batting: LHB Matt Olson 0-0: Ball
Wild Pitch!
Freddie Freeman to third
1-0: 2-RUN HOME RUN (Flyball, 9D, EV 100.0 MPH), Distance : 420 ft
Batting: RHB Sean Murphy 0-0: Called Strike
0-1: Called Strike
0-2: Foul Ball, location: 5F
0-2: Ball
1-2: Ball
2-2: Ground out 1-3 (Groundball, 13, EV 66.3 MPH)
Bottom of the 1st over - 2 runs, 2 hits, 0 errors, 0 left on base; American Division 0 - National Division 2
TOP OF THE 2ND
American Division All-Stars batting - Pitching for National Division All-Stars : RHP Zac Gallen
Batting: RHB Luis Robert 0-0: Ball
1-0: Called Strike
1-1: Called Strike
1-2: Strikes out swinging
Batting: RHB Paul Goldschmidt 0-0: Called Strike
0-1: Swinging Strike
0-2: Strikes out looking
Batting: SHB Jonah Heim 0-0: Ball
1-0: Called Strike
1-1: Called Strike
1-2: Ball
2-2: Strikes out swinging
Top of the 2nd over - 0 runs, 0 hits, 0 errors, 0 left on base; American Division 0 - National Division 2
BOTTOM OF THE 2ND
National Division All-Stars batting - Pitching for American Division All-Stars : LHP Framber Valdez
Pitching: RHP Luis Castillo
Batting: RHB Marcus Semien 0-0: Foul Ball, location: 3DF
0-1: Swinging Strike
0-2: Foul Ball, location: 2F
0-2: Ball
1-2: Foul Ball, location: 3FF
1-2: Ball
2-2: Ball
3-2: Fly out, F7 (Flyball, 7, EV 85.6 MPH)
Batting: LHB Christian Yelich 0-0: Called Strike
0-1: Called Strike
0-2: Strikes out looking
Batting: RHB Austin Riley 0-0: Swinging Strike
0-1: Foul Ball, location: 2LF
0-2: Foul Ball, location: 25F
0-2: Ball
1-2: Ball
2-2: Foul Ball, location: 2F
2-2: Ball
3-2: Foul Ball, location: 9LMF
3-2: Foul Ball, location: 9LSF
3-2: SINGLE (Groundball, 56D, EV 95.0 MPH)
Batting: RHB Bobby Witt Jr. 0-0: Called Strike
0-1: Foul Ball, location: 3SF
0-2: Strikes out looking
Bottom of the 2nd over - 0 runs, 1 hit, 0 errors, 1 left on base; American Division 0 - National Division 2
TOP OF THE 3RD
American Division All-Stars batting - Pitching for National Division All-Stars : RHP Zac Gallen
Pitching: RHP Spencer Strider
Batting: SHB Wander Franco 0-0: Ball
1-0: Ball
2-0: Ball
3-0: Base on Balls
Batting: RHB Jonathan India 0-0: Called Strike
0-1: Ball
1-1: Foul Ball, location: 3F
1-2: Strikes out swinging
Batting: RHB Ronald Acuna Jr. 0-0: Ball
1-0: Foul Ball, location: 2LF
1-1: Called Strike
1-2: Ground out 6-3 (Groundball, P, EV 78.1 MPH)
Wander Franco to second
Batting: LHB Shohei Ohtani 0-0: Ball
1-0: Called Strike
1-1: Foul Ball, location: 7LMF
1-2: Ball
2-2: Ball
3-2: Strikes out swinging
Top of the 3rd over - 0 runs, 0 hits, 0 errors, 1 left on base; American Division 0 - National Division 2
BOTTOM OF THE 3RD
National Division All-Stars batting - Pitching for American Division All-Stars : RHP Luis Castillo
Pitching: LHP Shane McClanahan
Batting: LHB Corbin Carroll 0-0: Ball
1-0: Ball
2-0: Foul Ball, location: 7LDF
2-1: Ball
3-1: Fly out, F7 (Flyball, 78M, EV 93.1 MPH)
Batting: RHB Mookie Betts 0-0: Swinging Strike
0-1: Called Strike
0-2: Strikes out looking
Batting: LHB Freddie Freeman 0-0: Called Strike
0-1: Ground out 4-3 (Groundball, 34, EV 103.8 MPH)
Bottom of the 3rd over - 0 runs, 0 hits, 0 errors, 0 left on base; American Division 0 - National Division 2
TOP OF THE 4TH
American Division All-Stars batting - Pitching for National Division All-Stars : RHP Spencer Strider
Pitching: RHP Kevin Gausman
Batting: SHB Jose Ramirez 0-0: Ground out 6-3 (Groundball, 6, EV 102.5 MPH)
Batting: RHB Adolis García 0-0: Called Strike
0-1: Ball
1-1: Called Strike
1-2: Strikes out looking
Batting: RHB Luis Robert 0-0: Ball
1-0: Foul Ball, location: 23F
1-1: Swinging Strike
1-2: TRIPLE (Line Drive, 78XD, EV 107.5 MPH)
Batting: RHB Paul Goldschmidt 0-0: Called Strike
0-1: Ball
1-1: Foul Ball, location: 5F
1-2: Strikes out looking
Top of the 4th over - 0 runs, 1 hit, 0 errors, 1 left on base; American Division 0 - National Division 2
BOTTOM OF THE 4TH
National Division All-Stars batting - Pitching for American Division All-Stars : LHP Shane McClanahan
Pitching: RHP Gerrit Cole
Batting: LHB Matt Olson 0-0: Ball
1-0: Ball
2-0: Called Strike
2-1: Ground out 1-4-3 (Groundball, 15S, EV 102.5 MPH)
Batting: RHB Sean Murphy 0-0: Ball
1-0: Foul Ball, location: 9LDF
1-1: Foul Ball, location: 2F
1-2: Ball
2-2: Strikes out swinging
Batting: RHB Marcus Semien 0-0: SINGLE (Line Drive, 8LS, EV 91.3 MPH)
Batting: LHB Christian Yelich 0-0: Ball
1-0: DOUBLE (Line Drive, 8LXD, EV 96.3 MPH)
Marcus Semien to third
Runner from 3rd tries for Home, SAFE, throw by CF to trailing runner, OUT at third! 8-3-5
Bottom of the 4th over - 1 run, 2 hits, 0 errors, 0 left on base; American Division 0 - National Division 3
TOP OF THE 5TH
American Division All-Stars batting - Pitching for National Division All-Stars : RHP Kevin Gausman
Pitching: RHP Camilo Doval
Batting: SHB Jonah Heim 0-0: Ball
1-0: Ball
2-0: Ball
3-0: Ground out U3 (Groundball, 3L, EV 80.0 MPH)
Batting: SHB Wander Franco 0-0: Ball
1-0: Ground out 6-3 (Groundball, 6M, EV 76.9 MPH)
Batting: RHB Jonathan India 0-0: Ball
1-0: Ground out 3-1 (Groundball, 34, EV 82.5 MPH)
Top of the 5th over - 0 runs, 0 hits, 0 errors, 0 left on base; American Division 0 - National Division 3
BOTTOM OF THE 5TH
National Division All-Stars batting - Pitching for American Division All-Stars : RHP Gerrit Cole
Pitching: RHP Devin Williams
Batting: RHB Austin Riley 0-0: Called Strike
0-1: Ball
1-1: Ball
2-1: Ball
3-1: Foul Ball, location: 9LDF
3-2: Fly out, F8 (Flyball, 89M, EV 76.3 MPH)
Batting: RHB Bobby Witt Jr. 0-0: Called Strike
0-1: Swinging Strike
0-2: Foul Ball, location: 2LF
0-2: Foul Ball, location: 2LF
0-2: Strikes out swinging
Batting: LHB Corbin Carroll 0-0: Ball
1-0: Foul Ball, location: 2F
1-1: Foul Ball, location: 9LDF
1-2: Strikes out swinging
Bottom of the 5th over - 0 runs, 0 hits, 0 errors, 0 left on base; American Division 0 - National Division 3
TOP OF THE 6TH
American Division All-Stars batting - Pitching for National Division All-Stars : RHP Camilo Doval
Pitching: LHP Clayton Kershaw
Now at C: Will Smith
Now at 2B: Ketel Marte
Now at SS: Fernando Tatis Jr.
Now in LF: Randy Arozarena
Batting: RHB Ronald Acuna Jr. 0-0: Swinging Strike
0-1: Swinging Strike
0-2: Ground out 5-3 (Groundball, 56, EV 109.4 MPH)
Batting: LHB Shohei Ohtani 0-0: Foul Ball, location: 2F
0-1: Ball
1-1: Ball
2-1: SOLO HOME RUN (Flyball, 8RXD, EV 101.3 MPH), Distance : 427 ft
Batting: SHB Jose Ramirez 0-0: Called Strike
0-1: Foul Ball, location: 2F
0-2: Ball
1-2: Ball
2-2: Strikes out looking
Pinch Hitting: RHB Julio Rodriguez 0-0: Reached on error, E5 (Groundball, 56, EV 81.3 MPH)
Pinch Hitting: LHB Kyle Tucker 0-0: Ball
1-0: Ball
2-0: Called Strike
2-1: Foul Ball, location: 23F
2-2: Foul Ball, location: 2F
2-2: Strikes out swinging
Top of the 6th over - 1 run, 1 hit, 1 error, 1 left on base; American Division 1 - National Division 3
BOTTOM OF THE 6TH
National Division All-Stars batting - Pitching for American Division All-Stars : RHP Devin Williams
Pitching: LHP Josh Hader
Now at C: Adley Rutschman
Now at 1B: Pete Alonso
Now at 2B: Nico Hoerner
Now in LF: Kyle Tucker
Now in CF: Julio Rodriguez
Batting: RHB Mookie Betts 0-0: Ball
1-0: Ball
2-0: Ball
3-0: Base on Balls
Batting: LHB Freddie Freeman 0-0: Foul Ball, location: 25F
0-1: Swinging Strike
0-2: Ball
1-2: Strikes out swinging
Batting: RHB Nick Castellanos 0-0: Ball
1-0: Foul Ball, location: 3DF
1-1: Called Strike
1-2: Strikes out swinging
Batting: RHB Will Smith 0-0: Called Strike
0-1: Ball
1-1: Foul Ball, location: 23FF
1-2: Foul Ball, location: 2F
1-2: Ball
2-2: Foul Ball, location: 2F
2-2: SINGLE (Groundball, 6MD, EV 93.8 MPH)
Mookie Betts to second
Runner from 2nd tries for 3rd, SAFE, no throw by CF
Batting: SHB Ketel Marte 0-0: Foul Ball, location: 2F
0-1: Ball
1-1: Fielders Choice at 2nd, 6-4 (Groundball, 6, EV 79.4 MPH)
Bottom of the 6th over - 0 runs, 1 hit, 0 errors, 2 left on base; American Division 1 - National Division 3
TOP OF THE 7TH
American Division All-Stars batting - Pitching for National Division All-Stars : LHP Clayton Kershaw
Pitching: RHP David Bednar
Batting: RHB Pete Alonso 0-0: Foul Ball, location: 5DF
0-1: Ball
1-1: Ball
2-1: Foul Ball, location: 3FF
2-2: SINGLE (Groundball, 34D, EV 94.4 MPH)
Batting: SHB Adley Rutschman 0-0: Ball
1-0: Ball
2-0: SINGLE (Line Drive, 34, EV 95.6 MPH)
Pete Alonso to second
Batting: SHB Wander Franco 0-0: Ball
1-0: Called Strike
1-1: Fly out, F8 (Flyball, 8RD, EV 98.8 MPH)
Batting: RHB Nico Hoerner 0-0: Called Strike
0-1: Fly out, F9 (Flyball, 9S, EV 76.9 MPH)
Batting: RHB Ronald Acuna Jr. 0-0: Called Strike
0-1: Called Strike
0-2: Foul Ball, location: 2F
0-2: DOUBLE (Line Drive, 7LM, EV 108.1 MPH)
Pete Alonso scores
Adley Rutschman to third
Runner from 3rd tries for Home, SAFE, throw by LF to home
Pitching: RHP Alexis Diaz
Batting: LHB Shohei Ohtani 0-0: Fly out, F6 (Popup, P, EV 73.8 MPH)
Top of the 7th over - 2 runs, 3 hits, 0 errors, 1 left on base; American Division 3 - National Division 3
BOTTOM OF THE 7TH
National Division All-Stars batting - Pitching for American Division All-Stars : LHP Josh Hader
Pitching: RHP Jordan Romano
Batting: RHB Randy Arozarena 0-0: Foul Ball, location: 7LMF
0-1: Fly out, F9 (Line Drive, 9, EV 101.9 MPH)
Batting: RHB Austin Riley 0-0: Ball
1-0: Called Strike
1-1: Ball
2-1: Ground out 5-3 (Groundball, 5S, EV 84.4 MPH)
Batting: RHB Fernando Tatis Jr. 0-0: Called Strike
0-1: Ball
1-1: Ball
2-1: Fly out, F7 (Line Drive, 7, EV 88.1 MPH)
Bottom of the 7th over - 0 runs, 0 hits, 0 errors, 0 left on base; American Division 3 - National Division 3
TOP OF THE 8TH
American Division All-Stars batting - Pitching for National Division All-Stars : RHP Alexis Diaz
Batting: SHB Jose Ramirez 0-0: Ball
1-0: Called Strike
1-1: Fly out, F9 (Flyball, 89S, EV 89.4 MPH)
Batting: RHB Julio Rodriguez 0-0: Foul Ball, location: 3F
0-1: Swinging Strike
0-2: Ball
1-2: Strikes out looking
Batting: LHB Kyle Tucker 0-0: Ball
1-0: Called Strike
1-1: Called Strike
1-2: Ball
2-2: Strikes out looking
Top of the 8th over - 0 runs, 0 hits, 0 errors, 0 left on base; American Division 3 - National Division 3
BOTTOM OF THE 8TH
National Division All-Stars batting - Pitching for American Division All-Stars : RHP Jordan Romano
Pitching: RHP Emmanuel Clase
Batting: LHB Corbin Carroll 0-0: Called Strike
0-1: Swinging Strike
0-2: Strikes out swinging
Batting: RHB Mookie Betts 0-0: Called Strike
0-1: Ball
1-1: Ground out 6-3 (Groundball, 6, EV 84.4 MPH)
Batting: LHB Freddie Freeman 0-0: DOUBLE (Line Drive, 7LD, EV 103.8 MPH)
Batting: RHB Nick Castellanos 0-0: Ball
1-0: Ball
2-0: Ball
3-0: Base on Balls
Batting: RHB Will Smith 0-0: Ball
1-0: Ball
2-0: Ball
3-0: Called Strike
3-1: Foul Ball, location: 9LSF
3-2: Strikes out swinging
Bottom of the 8th over - 0 runs, 1 hit, 0 errors, 2 left on base; American Division 3 - National Division 3
TOP OF THE 9TH
American Division All-Stars batting - Pitching for National Division All-Stars : RHP Alexis Diaz
Pitching: RHP Felix Bautista
Batting: RHB Pete Alonso 0-0: Swinging Strike
0-1: Called Strike
0-2: Ball
1-2: Ball
2-2: Foul Ball, location: 9LDF
2-2: Foul Ball, location: 25FF
2-2: Ball
3-2: Strikes out swinging
Batting: SHB Adley Rutschman 0-0: Called Strike
0-1: Called Strike
0-2: Ball
1-2: Strikes out looking
Batting: SHB Wander Franco 0-0: Ball
1-0: Fly out, F6 (Popup, 6MD, EV 46.9 MPH)
Top of the 9th over - 0 runs, 0 hits, 0 errors, 0 left on base; American Division 3 - National Division 3
BOTTOM OF THE 9TH
National Division All-Stars batting - Pitching for American Division All-Stars : RHP Emmanuel Clase
Pitching: RHP Nathan Eovaldi
Batting: SHB Ketel Marte 0-0: Ball
1-0: Swinging Strike
1-1: Called Strike
1-2: Ball
2-2: Strikes out swinging
Batting: RHB Randy Arozarena 0-0: Foul Ball, location: 2F
0-1: Ball
1-1: Called Strike
1-2: Hit by Pitch
Batting: RHB Austin Riley 0-0: Called Strike
Randy Arozarena steals 2nd base
0-1: Ball
1-1: Ground out 5-3 (Groundball, 56S, EV 63.1 MPH)
Randy Arozarena to third
Batting: RHB Fernando Tatis Jr. 0-0: Foul Ball, location: 9LSF
0-1: Ball
1-1: Ball
2-1: Called Strike
2-2: Strikes out swinging
Bottom of the 9th over - 0 runs, 0 hits, 0 errors, 1 left on base; American Division 3 - National Division 3
TOP OF THE 10TH
American Division All-Stars batting - Pitching for National Division All-Stars : RHP Felix Bautista
Pitching: RHP Marcus Stroman
Batting: RHB Nico Hoerner 0-0: Called Strike
0-1: Ball
1-1: DOUBLE (Line Drive, 8RXD, EV 105.0 MPH)
Batting: RHB Ronald Acuna Jr. 0-0: Ball
1-0: Called Strike
1-1: DOUBLE (Line Drive, 9LS, EV 105.6 MPH)
Nico Hoerner scores
Batting: LHB Shohei Ohtani 0-0: Called Strike
0-1: Ball
1-1: SINGLE (Groundball, 34D, EV 95.6 MPH)
Ronald Acuna Jr. to third
Runner from 3rd tries for Home, SAFE, throw by RF to home
Batting: SHB Jose Ramirez 0-0: Ball
1-0: Ball
2-0: Fly out, F7 (Flyball, 78M, EV 90.0 MPH)
Batting: RHB Julio Rodriguez 0-0: Ball
1-0: Fly out, F8 (Line Drive, 8RD, EV 93.1 MPH)
Batting: LHB Kyle Tucker 0-0: Called Strike
0-1: Fly out, F9 (Flyball, 9D, EV 85.0 MPH)
Top of the 10th over - 2 runs, 3 hits, 0 errors, 1 left on base; American Division 5 - National Division 3
BOTTOM OF THE 10TH
National Division All-Stars batting - Pitching for American Division All-Stars : RHP Nathan Eovaldi
Batting: LHB Corbin Carroll 0-0: Ball
1-0: Ball
2-0: Foul Ball, location: 7LSF
2-1: Ball
3-1: Foul Ball, location: 5F
3-2: Foul Ball, location: 5F
3-2: Base on Balls
Batting: RHB Mookie Betts 0-0: Called Strike
0-1: Fly out, F6 (Line Drive, 6, EV 62.5 MPH)
Batting: LHB Freddie Freeman 0-0: Ball
1-0: Swinging Strike
1-1: Foul Ball, location: 2F
1-2: Ball
2-2: Foul Ball, location: 2F
2-2: Ball
3-2: Fly out, F8 (Flyball, 8LD, EV 110.6 MPH)
Batting: RHB Nick Castellanos 0-0: Called Strike
0-1: Foul Ball, location: 2F
0-2: Ball
1-2: Ball
2-2: Ball
Wild Pitch!
Corbin Carroll to second
3-2: Ground out 3-1 (Groundball, 34, EV 85.0 MPH)
Bottom of the 10th over - 0 runs, 0 hits, 0 errors, 1 left on base; American Division 5 - National Division 3
Wednesday, July 12th , 2023 - OOTP Baseball 24.6 Build 69